 Dungeon Crawl Stone Soup version 0.24.1-8-ga250c9d538 (webtiles) character file.

Game seed: 15845434294807939820, levelgen mode: deterministic

29 Peloso the Skirmisher (level 3, 29/29 HPs)
             Began as a Demonspawn Fighter on May 1, 2020.
             Got out of the dungeon alive.
             The game lasted 00:01:26 (1067 turns).

Peloso the Skirmisher (Demonspawn Fighter)          Turns: 1067, Time: 00:01:27

Health: 29/29      AC:  7    Str: 15 (17) XL:     3   Next: 1%
Magic:  3/3        EV:  6    Int:  7 (9)  God:
Gold:   50         SH:  8    Dex: 11 (12) Spells: 2/2 levels left

rFire    . . .     SeeInvis .   a - +0 long sword
rCold    . . .     Gourm    .   c - +0 shield
rNeg     . . .     Faith    .   b - +0 scale mail
rPois    .         Spirit   .   (no helmet)
rElec    .         Reflect  .   (no cloak)
rCorr    .         Harm     .   g - +0 pair of gloves (curse)
MR       .....                  (no boots)
Stlth    ..........             (no amulet)
HPRegen  0.09/turn              (no ring)
MPRegen  0.08/turn              (no ring)

@: no status effects
A: claws 1, spiny 1
a: no special abilities


You escaped.
You were hungry.

You visited 1 branch of the dungeon, and saw 2 of its levels.

You collected 50 gold pieces.

Inventory:

Hand Weapons
 a - a +0 long sword (weapon)
Armour
 b - a +0 scale mail (worn)
 c - a +0 shield (worn)
 g - a cursed +0 pair of gloves (worn)
Scrolls
 e - 2 scrolls of identify {unknown}
 h - a scroll of fog {unknown}
 i - a scroll of teleportation {unknown}
 j - a scroll of blinking {unknown}
Potions
 d - 2 potions of might
 k - a potion of heal wounds {unknown}
Comestibles
 f - 4 rations


   Skills:
 + Level 3.3 Fighting
 + Level 2.0 Long Blades
 + Level 3.0 Armour
 + Level 0.2 Dodging
 + Level 3.1 Shields


You had 2 spell levels left.
You didn't know any spells.
Your spell library was empty.

Dungeon Overview and Level Annotations

Branches:
Dungeon (2/15)

Altars:


Innate Abilities, Weirdness & Mutations

You have sharp fingernails.
You are partially covered in sharp spines.


Message History

You closely miss the kobold. You block the kobold's attack.
You hit the kobold.
The kobold is moderately wounded.
The kobold is struck by your spines.
You kill the kobold!
Things that are here:
a +0 short sword; 3 stones; a kobold corpse
(D) Dungeon
Where to? (Enter - D:12, ? - help)
What level of the Dungeon? (default 1, ? - help)
There is a stone staircase leading up here.
You climb upwards.
There is a stone staircase leading down here.
HP restored.
You are feeling hungry.
You open the door.
There is an open door here.
There is a staircase leading out of the dungeon here.
Are you sure you want to leave the Dungeon?
This will make you lose the game!
You have escaped!

+................................
##.#..........###................
##.##...≈≈≈≈...##...≈≈≈≈.........
##.##..≈≈≈≈≈≈...(..≈≈≈≈≈≈.#.....#
.......≈≈≈≈≈≈......≈≈≈≈≈≈.##...##
##.##..≈≈≈≈≈≈......≈≈§≈≈≈.###'##
#.##...≈≈≈≈..####..≈≈≈≈..# #.#
#.##........#+.#'#...§..## #.#
#.###.......#.>@.#...#### ##.##
#(# ######..#'.#+#..#######...##
##.# #...####........#...... ##.#
###......######.##...## ...#
######## #.###.### #### #.###.###
# #........ #####.### #....


There were no monsters in sight!

Vanquished Creatures
  A gnoll (D:1)
  3 giant cockroaches (D:1)
  2 hobgoblins (D:1)
  3 jackals (D:1)
  3 kobolds
  A ball python (D:1)
  2 bats (D:1)
  A frilled lizard (D:1)
  A rat (D:2)
17 creatures vanquished.

Notes
Turn   | Place    | Note
-------+----------+-------------------------------------------
     0 | D:1      | Peloso the Demonspawn Fighter began the quest for the Orb.
     0 | D:1      | Reached XP level 1. HP: 18/18 MP: 1/1
   181 | D:1      | Gained mutation: You are partially covered in sharp spines.
                  | [demonic ancestry]
   181 | D:1      | Reached XP level 2. HP: 4/24 MP: 2/2
  1021 | D:2      | Gained mutation: You have sharp fingernails. [demonic
                  | ancestry]
  1021 | D:2      | Reached XP level 3. HP: 29/29 MP: 3/3
  1067 | D:$      | Got out of the dungeon alive.

Levels and vault maps discovered:
D:1:      dpeg_arrival_pits, layout_loops_corners
D:2:      layout_loops_cross, first_ration, minmay_pentomino_r4, uniq_robin

Skill      XL: |  1  2 |
---------------+-------+-----
Shields        | 3 |  3.1
Armour         | 3 |  3.0
Long Blades    | 2 |  2.0
Fighting       | |  3.3
Dodging        | |  0.2

Action                   || total
-------------------------++-------
Melee: Long sword        ||    43
  Use: Potion            ||     2
Armor: Scale mail        ||    27
Dodge: Dodged            ||    12
Block: Shield            ||    22
       Rpst.: Long sword ||     5
